 Dungeon Crawl Stone Soup version 0.30-a0-1161-g0704695555 (webtiles) character file.

Game seed: 11134392397416751414

5385 bande the Cleaver (level 10, -6/61 HPs)
             Began as a Gargoyle Fighter on Apr 28, 2023.
             Was a High Priest of Okawaru.
             Mangled by an ogre
             ... wielding a +0 giant spiked club
              (29 damage)
             ... on level 9 of the Dungeon.
             The game lasted 00:23:30 (7392 turns).

bande the Cleaver (Gargoyle Fighter)                Turns: 7392, Time: 00:23:31

Health: -6/61      AC: 22    Str: 26    XL:     10   Next: 66%
Magic:  13/13      EV:  6    Int:  5    God:    Okawaru [*****.]
Gold:   1572       SH:  0    Dex: 17    Spells: 9/9 levels left

rFire   + + .        w - +1 broad axe (vamp)
rCold   . . .        H - +2 kite shield
rNeg    + . .        e - +0 plate armour
rPois   ∞            g - +0 helmet
rElec   +            (no cloak)
rCorr   .            y - +0 pair of gloves
SInv    +            (no boots)
Will    +....        (no amulet) Stlth
                     l - ring of protection from fire
HPRegen 0.00/turn    K - ring of Havink {rF+ Will+ Str+7 Int-3 SInv}
MPRegen 0.13/turn

%: clarity
@: confused, ambrosia-drunk, inhibited regen
A: sickness immunity, AC +7, negative energy resistance 1, electricity
resistance, torment resistance 1, petrification resistance, agile 1, clarity,
inhibited regeneration
a: Renounce Religion, Heroism, Finesse, Duel


You were on level 9 of the Dungeon.
You worshipped Okawaru.
Okawaru was extremely pleased with you.
You visited 2 branches of the dungeon, and saw 10 of its levels.
You also visited: Ossuary.

You collected 1998 gold pieces.
You spent 426 gold pieces at shops.

Inventory:

Hand Weapons
 a - a +0 war axe
 w - a +1 vampiric broad axe (weapon)
 x - the +1 hand axe "Uzinoc" {flame, rC+ rN+ Will-}
   (You bought it in a shop on level 2 of the Dungeon)

   rC:        It protects you from cold.
   rN:        It protects you from negative energy.
   Will:      It decreases your willpower.
Missiles
 G - 2 throwing nets (quivered)
Armour
 c - a +0 buckler
 e - a +0 plate armour (worn)
 g - a +0 helmet (worn)
 y - a +0 pair of gloves (worn)
 H - a +2 kite shield (worn)
Jewellery
 i - a ring of flight
 l - a ring of protection from fire (left hand)
 o - a ring of positive energy
 K - the ring of Havink (right hand) {rF+ Will+ Str+7 Int-3 SInv}
   (You found it on level 8 of the Dungeon)

   [ring of protection from fire]

   Str:       It affects your strength (+7).
   Int:       It affects your intelligence (-3).
   rF:        It protects you from fire.
   SInv:      It lets you see invisible.
   Will:      It increases your willpower.
Wands
 b - a wand of paralysis (6)
 j - a wand of digging (12)
 t - a wand of flame (37)
 F - a wand of acid (3)
 I - a wand of mindburst (12)
Scrolls
 f - a scroll of amnesia
 k - a scroll of blinking
 B - 2 scrolls of fear
 D - 5 scrolls of identify
 E - a scroll of fog
 J - 4 scrolls of teleportation
Potions
 d - 2 potions of might
 h - 3 potions of brilliance
 m - 3 potions of heal wounds
 n - a potion of magic
 p - 2 potions of cancellation
 r - 2 potions of invisibility
 s - 3 potions of haste
 u - 6 potions of curing
 v - 2 potions of berserk rage
 z - a potion of flight
 A - 3 potions of mutation
 C - 4 potions of attraction
 L - a potion of lignification {unknown}


   Skills:
 + Level 6.8 Fighting
 + Level 9.0 Axes
 + Level 6.8 Armour
 + Level 6.8 Shields
 * Level 5.3 Invocations
 * Level 5.2 Evocations


You had 9 spell levels left.
You didn't know any spells.
Your spell library contained the following spells:

 Spells                   Type           Power      Damage    Failure   Level
 Apportation              Tloc           0%         N/A       100%        1
 Beastly Appendage        Tmut           0%         N/A       100%        1
 Freeze                   Ice            0%         1d3       100%        1
 Magic Dart               Conj           0%         1d3       100%        1
 Necrotise                Necr           0%         1d4       100%        1
 Blink                    Tloc           0%         N/A       100%        2
 Ensorcelled Hibernation  Hex/Ice        0%         N/A       100%        2
 Lesser Beckoning         Tloc           0%         N/A       100%        2
 Momentum Strike          Conj/Tloc      0%         3d8       100%        2
 Passwall                 Tmut/Erth      0%         N/A       100%        2
 Searing Ray              Conj           0%         2d4       100%        2
 Wereblood                Tmut           0%         N/A       100%        2
 Frozen Ramparts          Ice            0%         1d1       100%        3
 Gell's Gravitas          Tloc           0%         N/A       100%        3
 Hailstorm                Conj/Ice       0%         3d3       100%        3
 Spider Form              Tmut/Pois      0%         N/A       100%        3
 Swiftness                Air            0%         N/A       100%        3
 Teleport Other           Tloc           0%         N/A       100%        3
 Anguish                  Hex/Necr       0%         N/A       100%        4
 Fulminant Prism          Conj/Hex       0%         3d5       100%        4
 Dispersal                Tloc           0%         N/A       100%        6
 Summon Small Mammal      Summ           Unusable   N/A       N/A         1
 Call Canine Familiar     Summ           Unusable   N/A       N/A         3
 Summon Guardian Golem    Hex/Summ       Unusable   N/A       N/A         3

Dungeon Overview and Level Annotations

Branches:
Dungeon (9/15)             Temple (1/1) D:6             Orc (0/2) D:9
Ossuary (visited)
   Lair: D:8-11

Altars:
Ashenzari
Dithmenos
Elyvilon
Fedhas
Gozag
Hepliaklqana
Kikubaaqudgha
Okawaru
Qazlal
Ru
Trog
Uskayaw
Vehumet
Xom
Zin
The Shining One

Shops:
D:2 ((!   D:4 *(


Innate Abilities, Weirdness & Mutations

You are immune to sickness and miasma.
Your stone body is resilient. (AC +7)
You are immune to poison.
You resist negative energy. (rN+)
You are resistant to electric shocks. (rElec)
You are resistant to unholy torment.
You are immune to petrification.
You are agile. (Dex +4, Str/Int -1)
You possess an exceptional clarity of mind.
You do not regenerate when monsters are visible.


Message History

You barely miss the orc.
The orc is severely wounded.
The orc hits you but does no damage. The gnoll barely misses you.
You block the orc warrior's attack. The orc hits you but does no damage.
The orc warrior hits you from afar with a +0 halberd.
* * * LOW HITPOINT WARNING * * *
The gnoll barely misses you.
You closely miss the orc.
The orc is severely wounded.
You block the orc's attack. The gnoll barely misses you.
You block the orc warrior's attack.
You slash the orc!
You kill the orc!
Okawaru accepts your kill. You block the orc warrior's attack.
You block the gnoll's attack.
You hit the ogre.
You feel better.
The ogre is lightly wounded.
The orc warrior hits you from afar with a +0 halberd.
* * * LOW HITPOINT WARNING * * *
The ogre barely misses you. The gnoll hits you but does no damage.
You slash the ogre!
You feel better.
The ogre is heavily wounded.
You block the orc warrior's attack. The gnoll barely misses you.
The ogre hits you with a +0 giant spiked club!
* * * LOW HITPOINT WARNING * * *
You block the gnoll's attack.
The orc warrior hits you with a +0 halberd!
* * * LOW HITPOINT WARNING * * *
You block the gnoll's attack. The ogre hits you but does no damage.
There is an open door, spattered with blood here.
Items here: ( ))))))))) [[[ †††.
You feel much better.
The orc warrior hits you but does no damage.
The gnoll hits you from afar with a +0 spear.
The gnoll hits you but does no damage. You block the ogre's attack.
You are confused.
You feel invigorated.
The orc warrior hits you with a +0 halberd!
The ogre hits you with a +0 giant spiked club!!
You die... ########### ##### #8...8#...### #.... #.....###...####.... #..o..# ###......... #oKgo.#

######.... #8goO8#
#.... #####@#####
#.... #....O....#
##### #.#######.# ##.
#..+####..### #..
#...........### #.#
#...........[.######'#
#...........#).#......
+...........##.#......
#...........##.'......


You could see 2 orc warriors, a kobold brigand, 2 ogres, 2 gnolls and 2 orcs.

Vanquished Creatures
  A two-headed ogre (D:9)
  Pikel (D:8)
  A troll (D:9)
  Sigmund (D:5)
  A shadow (D:9)
  A wraith (Ossuary)
  A wyvern (D:8)
  2 steam dragons (D:9)
  Edmund (D:5)
  A water moccasin (D:5)
  An ice beast (D:5)
  2 sky beasts
  4 orc warriors
  2 ogres (D:9)
  2 centaurs
  3 lemures (D:8)
  7 bullfrogs
  3 kobold brigands (D:9)
  2 gnoll sergeants
  3 wights (D:9)
  5 killer bees
  3 howler monkeys
  3 jellies
  2 orc priests (D:7)
  8 hounds
  A gnoll bouda (D:8)
  A sleepcap (D:6)
  3 iguanas
  3 orc wizards
  A mummy (Ossuary)
  6 gnolls
  6 adders
  A shadow imp (D:6)
  2 white imps
  A worm (D:2)
  3 dart slugs
  29 orcs
  3 endoplasms
  5 giant cockroaches
  7 goblins
  11 hobgoblins
  4 jackals (D:1)
  8 kobolds
  3 quokkas
  8 ball pythons
  2 bats
  2 frilled lizards
  6 gnoll skeletons (Ossuary)
  12 kobold skeletons (Ossuary)
  7 orc skeletons (Ossuary)
  8 rats
204 creatures vanquished.

Notes
Turn   | Place    | Note
-------+----------+-------------------------------------------
     0 | D:1      | bande the Gargoyle Fighter began the quest for the Orb.
     0 | D:1      | Reached XP level 1. HP: 14/14 MP: 1/1
    89 | D:1      | Reached skill level 2 in Axes
   108 | D:1      | Reached XP level 2. HP: 19/19 MP: 2/2
   246 | D:1      | Reached XP level 3. HP: 24/24 MP: 3/3
   854 | D:2      | Found Nygas's Weapon Shop.
   953 | D:2      | Reached XP level 4. HP: 29/29 MP: 4/4
   983 | D:2      | Found Peippam's Distillery.
   993 | D:2      | Found Pazxut's Antique Weapon Boutique.
  1468 | D:3      | Reached skill level 3 in Axes
  1961 | D:4      | Reached XP level 5. HP: 24/33 MP: 5/5
  2017 | D:4      | Identified a scroll of acquirement
  2017 | D:4      | Acquired 952 gold pieces
  2098 | D:2      | Bought a glowing broad axe for 182 gold pieces
  2151 | D:2      | Bought the +1 hand axe "Uzinoc" {flame, rC+ rN+ Will-} for
                  | 244 gold pieces
  2217 | D:4      | Found an opulent altar of Gozag.
  2224 | D:4      | Found Lepn's Weapon Boutique.
  2287 | D:4      | Acquired 479 gold pieces
  2311 | D:4      | Gained mutation: Your mind is acute. (Int +4, Str/Dex -1)
                  | [potion of mutation]
  2311 | D:4      | Gained mutation: Armour fits poorly on your strangely
                  | shaped body. [potion of mutation]
  2311 | D:4      | Gained mutation: You have a pair of small antennae on your
                  | head. [potion of mutation]
  2311 | D:4      | Gained mutation: You passively map a small area around you.
                  | [potion of mutation]
  2312 | D:4      | Lost mutation: Armour fits poorly on your strangely shaped
                  | body. [potion of mutation]
  2312 | D:4      | Lost mutation: You passively map a small area around you.
                  | [potion of mutation]
  2312 | D:4      | Lost mutation: Your mind is acute. (Int +4, Str/Dex -1)
                  | [potion of mutation]
  2312 | D:4      | Gained mutation: You do not regenerate when monsters are
                  | visible. [potion of mutation]
  2312 | D:4      | Gained mutation: You are frail. (-10% HP) [potion of
                  | mutation]
  2312 | D:4      | Gained mutation: Your spells are a little easier to cast,
                  | but a little less powerful. [potion of mutation]
  2313 | D:4      | Lost mutation: You have a pair of small antennae on your
                  | head. [potion of mutation]
  2313 | D:4      | Lost mutation: You are frail. (-10% HP) [potion of
                  | mutation]
  2313 | D:4      | Gained mutation: You possess an exceptional clarity of
                  | mind. [potion of mutation]
  2313 | D:4      | Gained mutation: You have hidden genetic potential. [potion
                  | of mutation]
  2513 | D:4      | Found Gozag's Platinum Reserve.
  2716 | D:4      | Reached skill level 4 in Axes
  2716 | D:4      | Reached XP level 6. HP: 36/39 MP: 6/6
  2810 | D:4      | Lost mutation: Your spells are a little easier to cast, but
                  | a little less powerful. [hidden potential]
  3177 | D:5      | Entered Level 5 of the Dungeon
  3244 | D:5      | Noticed Edmund
  3262 | D:5      | Killed Edmund
  3263 | D:5      | Reached skill level 1 in Evocations
  3263 | D:5      | Reached XP level 7. HP: 37/44 MP: 7/7
  3275 | D:5      | Gained mutation: You are agile. (Dex +4, Str/Int -1)
                  | [hidden potential]
  3275 | D:5      | Lost mutation: You have hidden genetic potential. [hidden
                  | potential expressed]
  3345 | D:5      | Noticed Sigmund
  3354 | D:5      | Killed Sigmund
  3355 | D:5      | Reached skill level 5 in Axes
  3488 | D:5      | Reached skill level 5 in Armour
  3528 | D:5      | Reached XP level 8. HP: 36/48 MP: 8/8
  4070 | D:6      | Found a hazy altar of Hepliaklqana.
  4119 | D:6      | Reached skill level 5 in Fighting
  4254 | D:6      | Found a staircase to the Ecumenical Temple.
  4260 | Temple   | Entered the Ecumenical Temple
  4282 | Temple   | Became a worshipper of Warmaster Okawaru
  4412 | D:6      | Reached skill level 6 in Axes
  4700 | D:7      | Reached skill level 1 in Invocations
  4865 | D:7      | Reached skill level 5 in Shields
  4992 | D:7      | Reached * piety under Okawaru
  5050 | D:7      | Found a bloodstained altar of Trog.
  5052 | D:7      | Found a hide-covered altar of Uskayaw.
  5052 | D:7      | Found a glowing golden altar of the Shining One.
  5053 | D:7      | Found a white marble altar of Elyvilon.
  5059 | D:7      | Found a glowing silver altar of Zin.
  5216 | D:7      | Reached XP level 9. HP: 36/54 MP: 10/10
  5505 | D:8      | Found a sand-covered staircase.
  5509 | Ossuary  | Entered an ossuary
  5863 | D:8      | Reached skill level 7 in Axes
  6460 | D:8      | Reached ** piety under Okawaru
  6496 | D:8      | Identified the ring of Havink {rF+ Will+ Str+7 Int-3 SInv}
  6619 | D:8      | Noticed Pikel
  6631 | D:8      | Killed Pikel
  6707 | D:8      | Reached *** piety under Okawaru
  6708 | D:8      | Reached skill level 8 in Axes
  6780 | D:8      | Reached XP level 10. HP: 60/60 MP: 13/13
  7117 | D:9      | Found a radiant altar of Vehumet.
  7117 | D:9      | Noticed a two-headed ogre
  7125 | D:9      | Killed a two-headed ogre
  7125 | D:9      | Reached **** piety under Okawaru
  7292 | D:9      | Reached skill level 5 in Evocations
  7330 | D:9      | Found a staircase to the Orcish Mines.
  7340 | D:9      | Reached skill level 5 in Invocations
  7363 | D:9      | Reached skill level 9 in Axes
  7366 | D:9      | Reached ***** piety under Okawaru
  7392 | D:9      | Mangled by an ogre

Illustrated notes

Levels and vault maps discovered:
D:1:      beargit_arrival_greenhouse, layout_basic, minmay_stone_trees_large
D:2:      layout_rooms, serial_shops, shop, nicolae_shop_pleasant_corner_grove,
          nicolae_shop_pleasant_corner_grove, kennysheep_path_1,
          minmay_nonomino_d4
D:3:      layout_rooms, kennysheep_generic_room_12
D:4:      layout_basic, nicolae_gozag_zags_fifth_avenue, serial_shops,
          nicolae_shop_bloodbath_and_beyond, minmay_quadrilaterals
D:5:      layout_loops_ring, solitary_fountain, uniq_sigmund, uniq_edmund
D:6:      layout_rooms, kennysheep_little_box,
          minmay_temple_entry_enclosed_plants, minmay_misc_feat_more_columns,
          chequers_serial_rivers_micro_d
D:7:      layout_basic, grunt_temple_overflow_open
D:8:      layout_gridville, enter_ossuary_5, minmay_misc_feat_doors,
          small_statue_intersection, minmay_fractal_squares_diagonal_5,
          uniq_pikel
D:9:      layout_roguey, vehumet_crystals,
          kennysheep_orc_monster_closet_entryway, serial_shops,
          nicolae_stop_n_shop_2
Temple:   nicolae_temple_bog_church

Skill      XL: |  1  2  3  4  5  6  7  8  9 10 |
---------------+-------------------------------+-----
Axes           | 2 3 4 5 6 8 9 |  9.0
Armour         | 4 5 6 |  6.8
Fighting       | 4 5 6 |  6.8
Shields        | 4 5 6 |  6.8
Evocations     | 1 2 3 4 5 |  5.2
Invocations    | 2 4 5 |  5.3

Action                     |  1- 3 |  4- 6 |  7- 9 | 10-12 || total
---------------------------+-------+-------+-------+-------++-------
  Melee: War axe           |   107 |    63 |       |       ||   170
         Broad axe         |       |    90 |   344 |   110 ||   544
    Use: Scroll            |       |    11 |    15 |       ||    26
         Potion            |       |     3 |     2 |     3 ||     8
 Armour: Scale mail        |    72 |   102 |    15 |       ||   189
         Plate armour      |       |       |   262 |    81 ||   343
  Dodge: Dodged            |    54 |    71 |    74 |    47 ||   246
  Block: Buckler           |    22 |    46 |    55 |       ||   123
         Kite shield       |       |       |   154 |   101 ||   255

Table legend: (Time is in decaauts)
 A = Elapsed time spent in this place.
 B = Non-inter-level travel time spent in this place.
 C = Inter-level travel time spent in this place.
 D = Time resting spent in this place.
 E = Time spent auto-exploring this place.
 F = Levels seen in this place.
 G = Mean time per level.
                   A        B        C        D        E       F      G
               +--------+--------+--------+--------+--------+-----+--------+
         Total |   7661 |   7439 |    222 |    590 |   4480 |  11 |  696.5 |
       Dungeon |   7268 |   7062 |    206 |    471 |   4361 |   9 |  807.6 |
        Temple |     42 |     26 |     16 |      0 |      9 |   1 |   42.0 |
       Ossuary |    350 |    350 |      0 |    119 |    110 |   1 |  350.0 |
               +--------+--------+--------+--------+--------+-----+--------+

Top non-repeatable levels by time:
     D:7: 1309 daAuts
     D:4: 1204 daAuts
     D:8: 848 daAuts
     D:2: 803 daAuts
     D:5: 760 daAuts
     D:6: 740 daAuts
     D:1: 699 daAuts
     D:3: 569 daAuts
 Ossuary: 350 daAuts
     D:9: 333 daAuts
  Temple: 42 daAuts
